 Dungeon Crawl Stone Soup version 0.30-b1-2-g02819fbbbe (webtiles) character file.

Game seed: 1915402888555361153

9 Alarkh the Grasshopper (level 2, 22/22 HPs)
             Began as a Demonspawn Warper on May 25, 2023.
             Got out of the dungeon alive.
             The game lasted 00:00:19 (289 turns).

Alarkh the Grasshopper (Demonspawn Warper)           Turns: 289, Time: 00:00:19

Health: 22/22      AC:  3    Str: 11    XL:     2   Next: 6%
Magic:  5/5        EV: 12    Int: 14    God:
Gold:   26         SH:  0    Dex: 12    Spells: 5/5 levels left

rFire   . .          .
                       - Unarmed
rCold   . . .        (no shield)
rNeg    . . .        a - +0 leather armour
rPois   .            (no helmet)
rElec   .            (no cloak)
rCorr   .            (no gloves)
SInv    .            (no boots)
Will    .....        (no amulet)
Stlth   +            (no ring)
HPRegen 0.23/turn    (no ring)
MPRegen 0.09/turn

%: no passive effects
@: no status effects
A: sturdy frame 1
a: no special abilities


You escaped.
You visited 1 branch of the dungeon, and saw 1 of its levels.

You collected 26 gold pieces.

Inventory:

Missiles
 c - 7 boomerangs of dispersal (quivered)
Armour
 a - a +0 leather armour (worn)
Scrolls
 b - a scroll of blinking
 f - a scroll of torment {unknown}
 g - a scroll of identify {unknown}
Potions
 d - a potion of heal wounds {unknown}
 e - a potion of mutation {unknown}
 h - a potion of degeneration {unknown}


   Skills:
 - Level 2.0 Fighting
 - Level 0.8 Throwing
 - Level 0.8 Armour
 - Level 1.7 Dodging
 + Level 2.5 Unarmed Combat
 - Level 2.0 Spellcasting
 - Level 2.6 Translocations


You had 5 spell levels left.
You didn't know any spells.
Your spell library contained the following spells:

 Spells                   Type           Power      Damage    Failure   Level
 Blink                    Tloc           16%        N/A       13%         2
 Lesser Beckoning         Tloc           16%        N/A       13%         2
 Teleport Other           Tloc           8%         N/A       26%         3
 Vhi's Electric Charge    Tloc/Air       10%        N/A       41%         3
 Manifold Assault         Tloc           8%         N/A       63%         4


Dungeon Overview and Level Annotations

Branches:
Dungeon (1/15)

Altars:


Innate Abilities, Weirdness & Mutations

Your movements are slightly less encumbered by armour. (ER -2)


Message History

You kill the giant cockroach!
No target in view!
No target in view!
No target in view!
No target in view!
You see here a giant cockroach corpse.
h - a grey potion An endoplasm comes into view.
A goblin comes into view. It is wielding a +0 club.
The goblin shouts!
You hit the endoplasm but do no damage. The endoplasm hits you.
You hit the endoplasm.
You kill the endoplasm!
You have reached level 2!
Your demonic ancestry asserts itself...
You feel less encumbered by your armour.
Found a hand axe.
The goblin closely misses you.
You hit the goblin.
The goblin is severely wounded.
The goblin barely misses you.
You hit the goblin.
The goblin is severely wounded.
The goblin hits you with a +0 club.
You barely miss the goblin.
The goblin is severely wounded.
The goblin barely misses you.
You hit the goblin.
You kill the goblin!
No target in view!
No target in view!
No target in view!
No target in view!
Unknown command.
There is an open door here.
There is an open door here.
There is an open door here.
There is an open door here.
There is a staircase leading out of the dungeon here.
Are you sure you want to leave the Dungeon?
This will make you lose the game!
You have escaped!

####..#
#.#..##
##.#..# ##...#
##.## ##.# #.#
###'###
#....@########
#.....'...)...
#.....########
#######


There were no monsters in sight!

Vanquished Creatures
  A ball python (D:1)
  3 bats (D:1)
  An endoplasm (D:1)
  A giant cockroach (D:1)
  A goblin (D:1)
  2 rats (D:1)
9 creatures vanquished.

Notes
Turn   | Place    | Note
-------+----------+-------------------------------------------
     0 | D:1      | Alarkh the Demonspawn Warper began the quest for the Orb.
     0 | D:1      | Reached XP level 1. HP: 16/16 MP: 3/3
   142 | D:1      | Found a faded altar of an unknown god.
   220 | D:1      | Gained mutation: Your movements are slightly less
                  | encumbered by armour. (ER -2) [demonic ancestry]
   220 | D:1      | Reached XP level 2. HP: 22/22 MP: 5/5
   289 | D:$      | Got out of the dungeon alive.

Illustrated notes

Levels and vault maps discovered:
D:1:      elethiomel_arrival_fortress_basement, layout_basic,
          basic_ecumenical_altar

Skill      XL: |  1 |
---------------+----+-----
Unarmed Combat | 2 |  2.5
Fighting       | |  2.0
Throwing       | |  0.8
Armour         | |  0.8
Dodging        | |  1.7
Spellcasting   | |  2.0
Translocations | |  2.6

Action                     || total
---------------------------++-------
  Melee: Unarmed           ||    34
 Armour: Leather armour    ||    10
  Dodge: Dodged            ||    28
